 Dungeon Crawl Stone Soup version 0.25.1-2-g60ff931df9 (webtiles) character file.

Game seed: 3928142227535794777

16 H0rd4k the Insei (level 2, 0/18 HPs)
             Began as an Octopode Transmuter on Aug 27, 2020.
             Slain by a kobold
             ... wielding a +0 club
              (6 damage)
             ... on level 1 of the Dungeon.
             The game lasted 00:00:29 (461 turns).

H0rd4k the Insei (Octopode Transmuter)               Turns: 461, Time: 00:00:30

Health: 0/18       AC:  1    Str:  9    XL:     2   Next: 54%
Magic:  5/5        EV: 13    Int: 15    God:
Gold:   14         SH:  0    Dex: 12    Spells: 4/5 levels left

rFire    . . .     SeeInvis .     - Unarmed
rCold    . . .     Gourm    .   (no shield)
rNeg     . . .     Faith    .   (helmet restricted)
rPois    .         Spirit   .   (no amulet)
rElec    .         Reflect  .   (no ring)
rCorr    .         Harm     .   (no ring)
MR       .....                  (no ring)
Stlth    ++........             (no ring)
HPRegen  0.06/turn              (no ring)
MPRegen  0.09/turn              (no ring)
                                (no ring)
                                (no ring)

@: no status effects
A: almost no armour, stealthy swim, amphibious, 8 rings, constrict 8, camouflage
1, gelatinous body 1
a: no special abilities


You were on level 1 of the Dungeon.
You were not hungry.

You visited 1 branch of the dungeon, and saw 1 of its levels.

You collected 14 gold pieces.

Inventory:

Missiles
 a - 12 arrows
 b - 4 atropa-tipped darts (quivered)
Scrolls
 d - 2 scrolls of fog {unknown}
Potions
 e - a potion of lignification {unknown}
Comestibles
 c - 3 rations
 f - a chunk of flesh


   Skills:
 + Level 1.0 Fighting
 + Level 2.1 Dodging
 + Level 0.4 Stealth
 + Level 3.2 Unarmed Combat
 * Level 2.2 Spellcasting
 * Level 2.3 Transmutations


You had 4 spell levels left.
You knew the following spells:

 Your Spells              Type           Power        Failure   Level  Hunger
a - Beastly Appendage     Tmut           #.....       9%          1    #......

Your spell library contained the following spells:

 Spells                   Type           Power        Failure   Level  Hunger
 Sticks to Snakes         Tmut           #.......     13%         2    ###....
 Spider Form              Tmut/Pois      #.........   38%         3    ###....
 Ice Form                 Ice/Tmut       #.......     80%         4    #####..
 Blade Hands              Tmut           #.........   93%         5    ######.


Dungeon Overview and Level Annotations

Branches:
Dungeon (1/15)

Altars:


Innate Abilities, Weirdness & Mutations

You cannot wear most types of armour.
You are very stealthy in the water. (Stealth+)
You are amphibious.
You can wear up to eight rings at the same time.
You can use your tentacles to constrict eight enemies at once.
Your skin changes colour to match your surroundings (Stealth+).
Your rubbery body absorbs attacks. (AC +1, EV +1)


Message History

The goblin completely misses you.
You closely miss the goblin.
The frilled lizard hisses angrily.
You grab the goblin.
You constrict the goblin, but do no damage.
The goblin hits you with a +0 dagger.
* * * LOW HITPOINT WARNING * * *
You release your grip on the goblin.
Things that are here:
26 stones; a frilled lizard corpse You tentacle-slap the goblin.
You grab the goblin.
The goblin is heavily wounded.
You constrict the goblin. The goblin hits you but does no damage.
You barely miss the goblin.
The goblin is severely wounded.
You constrict the goblin.
You kill the goblin!
The kobold throws a stone.
The stone barely misses you. The frilled lizard closely misses you.
The kobold hits you with a +0 club.
You die...

##
.........###....####..........
...####### ###.....###########
#......>....... #(#####.#..#.#
#†#....l...# #(#.###l...#
#.#...lKl..# #####.####...#.#
#(.(@K...........
#.###l....[≈≈≈≈..# ...
...!..≈≈≈≈≈≈(# ###.
##.....≈≈≈≈≈≈.# #.
#.###.≈≈≈≈≈.... #. #.#
#..≈≈≈≈.### .. ... ... ## .##
..


You could see a kobold and a frilled lizard.

Vanquished Creatures
  A leopard gecko (D:1)
  A ball python (D:1)
  2 bats (D:1)
  A giant cockroach (D:1)
  2 goblins (D:1)
  7 frilled lizards (D:1)
  2 kobolds (D:1)
16 creatures vanquished.

Notes
Turn   | Place    | Note
-------+----------+-------------------------------------------
     0 | D:1      | H0rd4k the Octopode Transmuter began the quest for the Orb.
     0 | D:1      | Reached XP level 1. HP: 13/13 MP: 3/3
   339 | D:1      | Reached XP level 2. HP: 18/18 MP: 5/5
   461 | D:1      | Slain by a kobold

Illustrated notes

Levels and vault maps discovered:
D:1:      dpeg_arrival_circle_labyrinth_c, layout_basic, minmay_lizard_pond

Action                   || total
-------------------------++-------
Melee: Unarmed           ||    37
       Constrict         ||    13
       Tentacles         ||     3
       Punch             ||     1
 Stab: Sleeping          ||     1
Armor: Skin              ||     6
Dodge: Dodged            ||    30
